 Dungeon Crawl Stone Soup version 0.26-a0-1020-ge47f559bc5 (console) character file.

Game seed: 5632204811544497166

192 Ignak the Conjurer (level 5, 0/37 HPs)
             Began as a Gnoll Conjurer on Dec 8, 2020.
             Succumbed to a scorpion's poison
             ... on level 3 of the Dungeon.
             The game lasted 00:05:18 (2698 turns).

Ignak the Conjurer (Gnoll Conjurer)                 Turns: 2698, Time: 00:05:18

Health: 0/37       AC:  3    Str:  9    XL:     5   Next: 71%
Magic:  3/12       EV: 15    Int: 21    God:
Gold:   128        SH:  0    Dex: 20    Spells: 11/14 levels left

rFire    . . .     SeeInvis .   c - +0 mace (drain)
rCold    . . .     Faith    .   (no shield)
rNeg     . . .     Spirit   .   a - +0 robe
rPois    .         Reflect  .   (no helmet)
rElec    .         Harm     .   (no cloak)
rCorr    .         Rampage  .   h - +0 pair of gloves
Will     .....                  (no boots)
Stlth    +++.......             (no amulet)
HPRegen  0.12/turn              k - +6 ring of dexterity
MPRegen  0.13/turn              (no ring)

@: mighty, lethally poisoned (0 -> -20), hasted, very quick
A: distributed training, fangs 1, strong nose
a: no special abilities


You were on level 3 of the Dungeon.
You visited 1 branch of the dungeon, and saw 3 of its levels.

You collected 128 gold pieces.

Inventory:

Hand Weapons
 c - a +0 mace of draining (weapon)
Armour
 a - a +0 robe (worn)
 h - a +0 pair of gloves (worn)
Jewellery
 k - a +6 ring of dexterity (left hand)
Wands
 b - a wand of disintegration (12)
Scrolls
 d - 3 scrolls of magic mapping {unknown}
 e - 3 scrolls of teleportation
 i - 6 scrolls of identify {unknown}
 j - a scroll of amnesia {unknown}
 l - a scroll of enchant armour {unknown}
Potions
 f - a potion of might
 g - a potion of haste


   Skills:
 + Level 1.6 Fighting
 + Level 1.6 Short Blades
 + Level 1.6 Long Blades
 + Level 1.6 Axes
 + Level 1.6 Maces & Flails
 + Level 1.6 Polearms
 + Level 1.6 Staves
 + Level 1.6 Slings
 + Level 1.6 Bows
 + Level 1.6 Crossbows
 + Level 1.6 Throwing
 + Level 1.6 Armour
 + Level 4.8 Dodging
 + Level 4.4 Stealth
 + Level 1.6 Shields
 + Level 1.6 Unarmed Combat
 + Level 5.2 Spellcasting
 + Level 7.2 Conjurations
 + Level 1.2 Hexes
 + Level 1.2 Summonings
 + Level 1.2 Necromancy
 + Level 1.2 Translocations
 + Level 1.2 Transmutations
 + Level 1.2 Fire Magic
 + Level 1.2 Ice Magic
 + Level 1.2 Air Magic
 + Level 1.2 Earth Magic
 + Level 1.2 Poison Magic
 + Level 1.8 Invocations
 + Level 1.6 Evocations


You had 11 spell levels left.
You knew the following spells:

 Your Spells              Type           Power        Failure   Level
a - Magic Dart            Conj           ####         1%          1
f - Searing Ray           Conj           #####.       1%          2

Your spell library contained the following spells:

 Spells                   Type           Power        Failure   Level
 Dazzling Flash           Conj/Hex       ###...       5%          3
 Fulminant Prism          Conj/Hex       ###.......   19%         4
 Iskenderun's Mystic Bla  Conj/Tloc      ###.....     19%         4


Dungeon Overview and Level Annotations

Branches:
Dungeon (3/15)

Altars:
Fedhas
Kikubaaqudgha
The Shining One


Innate Abilities, Weirdness & Mutations

Your experience applies equally to all skills.
You have very sharp teeth.
Your uncanny sense of smell can sniff out nearby items.


Message History

* * * LOW HITPOINT WARNING * * *
You feel sick.
* * * LOW HITPOINT WARNING * * *
You feel sick.
* * * LOW HITPOINT WARNING * * *
You feel sick.
* * * LOW HITPOINT WARNING * * *
You feel sick.
You see here a scorpion corpse.
A rat comes into view.
* * * LOW HITPOINT WARNING * * *
You feel sick.
Casting: Searing Ray (safe; 1% risk of failure)
Confirm with . or Enter, or press ? or * to list all spells.
Aiming: Magic Dart (safe; 1% risk of failure)
Press: ? - help, Shift-Dir - straight line, f - rat
Aim: a rat (0% to evade)
The magic dart hits the rat.
You kill the rat!
You die...

... #.. #.#..# ###
#.# #
#..###.#..###.###.##
#
#..#......##.#.##..##
#..#.#.#).#.###.#....
#......#..##.#.##..#.
##........###.###.###
###.####.........#
#†# #########.# #@#
#+# #.# #.. # .# ....
####...## ###..
'........ ...
####..... .†.# # .##
...


There were no monsters in sight!

Vanquished Creatures
  A scorpion (D:3)
  4 gnolls (D:2)
  3 adders
  An ooze (D:3)
  2 worms (D:3)
  3 leopard geckos (D:1)
  5 orcs (D:3)
  5 giant cockroaches
  5 goblins
  9 hobgoblins
  4 jackals (D:1)
  5 kobolds
  5 bats
  A frilled lizard (D:2)
  4 rats
57 creatures vanquished.

Notes
Turn   | Place    | Note
-------+----------+-------------------------------------------
     0 | D:1      | Ignak the Gnoll Conjurer began the quest for the Orb.
     0 | D:1      | Reached XP level 1. HP: 13/13 MP: 6/6
    84 | D:1      | Reached XP level 2. HP: 9/19 MP: 2/7
   448 | D:1      | Learned a level 2 spell: Searing Ray
   776 | D:1      | Reached XP level 3. HP: 25/25 MP: 3/9
   843 | D:1      | Reached skill level 5 in Spellcasting
  1385 | D:2      | Reached skill level 1 in Invocations
  1438 | D:2      | Found a blossoming altar of Fedhas.
  1530 | D:2      | Reached skill level 1 in Fighting
  1530 | D:2      | Reached skill level 1 in Short Blades
  1530 | D:2      | Reached skill level 1 in Long Blades
  1530 | D:2      | Reached skill level 1 in Axes
  1530 | D:2      | Reached skill level 1 in Maces & Flails
  1530 | D:2      | Reached skill level 1 in Polearms
  1530 | D:2      | Reached skill level 1 in Staves
  1530 | D:2      | Reached skill level 1 in Slings
  1530 | D:2      | Reached skill level 1 in Bows
  1530 | D:2      | Reached skill level 1 in Crossbows
  1530 | D:2      | Reached skill level 1 in Throwing
  1530 | D:2      | Reached skill level 1 in Armour
  1530 | D:2      | Reached skill level 1 in Shields
  1530 | D:2      | Reached skill level 1 in Unarmed Combat
  1530 | D:2      | Reached skill level 1 in Evocations
  1530 | D:2      | Reached XP level 4. HP: 27/32 MP: 7/11
  1793 | D:2      | Found a glowing golden altar of the Shining One.
  1827 | D:2      | Reached skill level 1 in Hexes
  1827 | D:2      | Reached skill level 1 in Summonings
  1827 | D:2      | Reached skill level 1 in Necromancy
  1827 | D:2      | Reached skill level 1 in Translocations
  1827 | D:2      | Reached skill level 1 in Transmutations
  1827 | D:2      | Reached skill level 1 in Fire Magic
  1827 | D:2      | Reached skill level 1 in Ice Magic
  1827 | D:2      | Reached skill level 1 in Air Magic
  1827 | D:2      | Reached skill level 1 in Earth Magic
  1827 | D:2      | Reached skill level 1 in Poison Magic
  1864 | D:2      | Found an ancient bone altar of Kikubaaqudgha.
  2242 | D:3      | Reached XP level 5. HP: 37/37 MP: 12/12
  2697 | D:3      | HP: 1/37 [poisoned by a scorpion]
  2698 | D:3      | Succumbed to a scorpion's poison

Illustrated notes

Levels and vault maps discovered:
D:1:      lightli_arrival_statue_moat, layout_basic
D:2:      layout_basic, old_standard_altar, general_overflow_altar,
          fedhas_altar_1
D:3:      layout_loops_corners

Skill      XL: |  1  2  3  4 |
---------------+-------------+-----
Spellcasting   | 5 |  5.2
Invocations    | 1 |  1.8
Fighting       | 1 |  1.6
Short Blades   | 1 |  1.6
Long Blades    | 1 |  1.6
Axes           | 1 |  1.6
Maces & Flails | 1 |  1.6
Polearms       | 1 |  1.6
Staves         | 1 |  1.6
Slings         | 1 |  1.6
Bows           | 1 |  1.6
Crossbows      | 1 |  1.6
Throwing       | 1 |  1.6
Armour         | 1 |  1.6
Shields        | 1 |  1.6
Unarmed Combat | 1 |  1.6
Evocations     | 1 |  1.6
Hexes          | 1 |  1.2
Summonings     | 1 |  1.2
Necromancy     | 1 |  1.2
Translocations | 1 |  1.2
Transmutations | 1 |  1.2
Fire Magic     | 1 |  1.2
Ice Magic      | 1 |  1.2
Air Magic      | 1 |  1.2
Earth Magic    | 1 |  1.2
Poison Magic   | 1 |  1.2
Dodging        | |  4.8
Stealth        | |  4.4
Conjurations   | |  7.2

Action                   |  1- 3 |  4- 6 || total
-------------------------+-------+-------++-------
Melee: Hand axe          |    76 |     1 ||    77
       Bite              |     4 |     9 ||    13
       Mace              |       |    42 ||    42
       War axe           |       |    10 ||    10
 Cast: Magic Dart        |    11 |     4 ||    15
       Searing Ray       |     4 |     6 ||    10
  Use: Scroll            |       |     3 ||     3
       Potion            |       |     2 ||     2
 Stab: Sleeping          |     4 |     3 ||     7
Armor: Robe              |    10 |    12 ||    22
Dodge: Dodged            |    65 |    49 ||   114

Table legend: (Time is in decaauts)
 A = Elapsed time spent in this place.
 B = Non-inter-level travel time spent in this place.
 C = Inter-level travel time spent in this place.
 D = Time resting spent in this place.
 E = Time spent auto-exploring this place.
 F = Levels seen in this place.
 G = Mean time per level.
                   A        B        C        D        E       F      G
               +--------+--------+--------+--------+--------+-----+--------+
         Total |   2732 |   2650 |     82 |    243 |   1701 |   3 |  910.7 |
       Dungeon |   2732 |   2650 |     82 |    243 |   1701 |   3 |  910.7 |
               +--------+--------+--------+--------+--------+-----+--------+

Top non-repeatable levels by time:
     D:1: 1184 daAuts
     D:2: 878 daAuts
     D:3: 670 daAuts
